 Dungeon Crawl Stone Soup version 0.26.1-11-gd32895ea62 (webtiles) character file.

Game seed: 4018772956454282044

46 Almogavar the Grasshopper (level 3, -2/32 HPs)
             Began as a Palentonga Warper on May 26, 2021.
             Killed from afar by a white imp (4 damage)
             ... with a puff of frost
             ... summoned by Natasha
             ... on level 2 of the Dungeon.
             The game lasted 00:05:37 (1627 turns).

Almogavar the Grasshopper (Palentonga Warper)       Turns: 1627, Time: 00:05:38

Health: -2/32      AC:  5    Str: 15    XL:     3   Next: 46%
Magic:  6/6        EV:  9    Int: 13    God:
Gold:   64         SH:  0    Dex:  9    Spells: 6/6 levels left

rFire    . . .     SeeInvis +   a - +0 falchion
rCold    . . .     Faith    .   (no shield)
rNeg     . . .     Spirit   .   b - +0 leather armour
rPois    .         Reflect  .   i - +0 helmet (curse)
rElec    .         Harm     .   (no cloak)
rCorr    .         Rampage  .   (no gloves)
Will     .....                  (no barding)
Stlth    +.........             (no amulet)
HPRegen  0.10/turn              (no ring)
MPRegen  0.10/turn              (no ring)

@: no status effects
A: large, rugged brown scales 3, see invisible, deformed body, roll 1, armoured
tail
a: Rolling Charge


You were on level 2 of the Dungeon.
You visited 1 branch of the dungeon, and saw 2 of its levels.

You collected 64 gold pieces.

Inventory:

Hand Weapons
 a - a +0 falchion (weapon)
Missiles
 e - 5 boomerangs of dispersal (quivered)
 j - 35 arrows
 k - 32 stones
 p - 7 boomerangs
Armour
 b - a +0 leather armour (worn)
 f - a +0 hat
 i - a cursed +0 helmet (worn)
Scrolls
 c - a scroll of immolation {unknown}
 d - a scroll of blinking
 g - a scroll of identify {unknown}
 l - 2 scrolls of teleportation {unknown}
 m - 2 scrolls of remove curse {unknown}
 o - a scroll of amnesia {unknown}
 r - a scroll of enchant armour {unknown}
Potions
 h - 4 potions of curing {unknown}
 n - a potion of haste {unknown}
 q - a potion of brilliance {unknown}


   Skills:
 + Level 2.3 Fighting
 + Level 2.5 Long Blades
 + Level 0.6 Throwing
 + Level 0.9 Armour
 + Level 2.1 Dodging
 + Level 2.0 Spellcasting
 + Level 3.4 Translocations


You had 6 spell levels left.
You didn't know any spells.
Your spell library contained the following spells:

 Spells                   Type           Power        Failure   Level
 Blink                    Tloc           N/A          12%         2
 Gell's Gravitas          Tloc           5%           22%         3
 Lesser Beckoning         Tloc           5%           22%         3
 Teleport Other           Tloc           10%          22%         3
 Passage of Golubria      Tloc           N/A          58%         4


Dungeon Overview and Level Annotations

Branches:
Dungeon (2/15)

Altars:

Annotations:
D:2 Natasha


Innate Abilities, Weirdness & Mutations

You are completely covered in rugged brown scales. (AC +3, +7% HP)
You have supernaturally acute eyesight. (SInv)
Armour fits poorly on your strangely shaped body.
You can roll at nearby foes to attack.
You have a long armoured tail.


Message History

Natasha claws you!
You barely miss Natasha.
Natasha is almost dead.
The white imp gestures at you. The puff of frost hits you!
Natasha drinks a potion.
Natasha is healed!
You barely miss Natasha. You tail-slap Natasha.
Natasha is lightly wounded.
The white imp hits you but does no damage.
Natasha barely misses you.
You closely miss Natasha.
Natasha is lightly wounded.
The white imp hits you. The white imp freezes you.
* * * LOW HITPOINT WARNING * * *
Natasha claws you.
* * * LOW HITPOINT WARNING * * *
You completely miss Natasha.
Your tail-slap misses Natasha.
Natasha is lightly wounded.
The white imp gestures at you. The puff of frost hits you.
You die...

............#.# #..#
#.#######.....# #...
##.##.# #..#
#.##.#####..#
##'##.........
##...######†#..
##..†..## #.#..
##..#####.......## #....
......h@†........###....
......5..........+......
#....##..........####...
##.# #.#.......## #..# #
#.##.....## #.##
#.###...## #.# #.# ##+##
#.# ..# #.#### #.#
#.##.#####.#


You could see Natasha and a white imp (summoned).

Vanquished Creatures
  An adder (D:2)
  A dart slug (D:2)
  4 giant cockroaches
  4 goblins
  3 hobgoblins
  A quokka (D:2)
  8 bats
  3 frilled lizards
  4 kobolds
  5 rats
34 creatures vanquished.

Notes
Turn   | Place    | Note
-------+----------+-------------------------------------------
     0 | D:1      | Almogavar the Palentonga Warper began the quest for the
                  | Orb.
     0 | D:1      | Reached XP level 1. HP: 18/18 MP: 3/3
   499 | D:1      | Reached XP level 2. HP: 25/25 MP: 5/5
  1065 | D:2      | Found a faded altar of an unknown god.
  1146 | D:2      | Reached XP level 3. HP: 19/31 MP: 6/6
  1617 | D:2      | Noticed Natasha
  1627 | D:2      | Killed from afar by a white imp

Illustrated notes

Levels and vault maps discovered:
D:1:      dpeg_arrival_renting, layout_basic, skrybe_limestone_x,
          minmay_indecisive_spiral
D:2:      layout_loops_corners, chequers_ecumenical_altar_island, uniq_natasha

Skill      XL: |  1  2 |
---------------+-------+-----
Dodging        | 2 |  2.1
Fighting       | |  2.3
Long Blades    | |  2.5
Throwing       | |  0.6
Armour         | |  0.9
Spellcasting   | |  2.0
Translocations | |  3.4

Action                   || total
-------------------------++-------
Melee: Falchion          ||    87
       Tailslap          ||     9
Armor: Leather armour    ||    62
Dodge: Dodged            ||    50
       Rpst.: Falchion   ||    14
